PL
PANAMA CITY PIRANHAS @ RICHARDSON CITY THUNDERCATS
08/29/2029
 
TOP OF THE 1ST
Panama City Piranhas batting - Pitching for Richardson City Thundercats : RHP Juan Valéncia
Pitching: RHP Juan Valéncia
Batting: RHB Juan Jose Ayala 0-0: Ball
1-0: SINGLE (Line Drive, 4D)
Batting: RHB Baldomero Avino 0-0: Ball
Juan Jose Ayala steals 2nd base
1-0: Swinging Strike
1-1: Ball
2-1: Ball
3-1: Foul Ball, location: 2F
3-2: Foul Ball, location: 2F
3-2: Ground out 6-3 (Groundball, 6)
Juan Jose Ayala to third
Batting: LHB Sergio Muńóz 0-0: Ball
1-0: Foul Ball, location: 2F
1-1: Ground out 6-3 (Groundball, 6)
Juan Jose Ayala scores
Batting: RHB Cale Sutton 0-0: Ground out 4-3 (Groundball, 4)
Top of the 1st over - 1 run, 1 hit, 0 errors, 0 left on base; Panama City 1 - Richardson City 0
BOTTOM OF THE 1ST
Richardson City Thundercats batting - Pitching for Panama City Piranhas : LHP Wayne Craig
Pitching: LHP Wayne Craig
Batting: SHB Mitch Qualtrough 0-0: Called Strike
0-1: Ball
1-1: Ball
2-1: Foul Ball, location: 2F
2-2: Ground out 5-3 (Groundball, 56)
Batting: RHB Anselmo Berneu 0-0: Called Strike
0-1: Ball
1-1: Called Strike
1-2: Fly out, F4 (Popup, 4D)
Batting: RHB Bruce Ingilby 0-0: Called Strike
0-1: Foul Ball, location: 2F
0-2: Ball
1-2: Ball
2-2: Ground out 4-3 (Groundball, 4)
Bottom of the 1st over - 0 runs, 0 hits, 0 errors, 0 left on base; Panama City 1 - Richardson City 0
TOP OF THE 2ND
Panama City Piranhas batting - Pitching for Richardson City Thundercats : RHP Juan Valéncia
Batting: LHB Jack Sutherland 0-0: Ball
1-0: Ground out U3 (Groundball, 3)
Batting: RHB Andy Putman 0-0: Ground out 1-3 (Groundball, 13)
Batting: RHB Armando Alvarado 0-0: Swinging Strike
0-1: Called Strike
0-2: Strikes out swinging
Top of the 2nd over - 0 runs, 0 hits, 0 errors, 0 left on base; Panama City 1 - Richardson City 0
BOTTOM OF THE 2ND
Richardson City Thundercats batting - Pitching for Panama City Piranhas : LHP Wayne Craig
Batting: RHB Tomás Martínez 0-0: Foul Ball, location: 2F
0-1: Ball
1-1: Ball
2-1: Swinging Strike
2-2: Strikes out swinging
Batting: RHB Pedro Castillo 0-0: Foul Ball, location: 2F
0-1: Ball
1-1: Ball
2-1: Foul Ball, location: 2F
2-2: Foul Ball, location: 2F
2-2: Foul Ball, location: 2F
2-2: Foul Ball, location: 2F
2-2: Ball
3-2: Base on Balls
Batting: RHB Javier Rivera 0-0: Grounds into double play, 6-4-3 (Groundball, 6)
Bottom of the 2nd over - 0 runs, 0 hits, 0 errors, 0 left on base; Panama City 1 - Richardson City 0
TOP OF THE 3RD
Panama City Piranhas batting - Pitching for Richardson City Thundercats : RHP Juan Valéncia
Batting: RHB Fernando Silva 0-0: Ground out 6-3 (Groundball, 56)
Batting: RHB Darrell Terwey 0-0: Ball
1-0: Ball
2-0: Swinging Strike
2-1: Fly out, F7 (Flyball, 7)
Batting: RHB Juan Jose Ayala 0-0: Ball
1-0: Called Strike
1-1: Ball
2-1: Foul Ball, location: 2F
2-2: SINGLE (Line Drive, 89S)
Batting: RHB Baldomero Avino 0-0: Called Strike
0-1: Ball
1-1: Called Strike
1-2: Ball
2-2: Ball
3-2: Fly out, F6 (Line Drive, 56)
Top of the 3rd over - 0 runs, 1 hit, 0 errors, 1 left on base; Panama City 1 - Richardson City 0
BOTTOM OF THE 3RD
Richardson City Thundercats batting - Pitching for Panama City Piranhas : LHP Wayne Craig
Batting: RHB Louis Gibbons 0-0: Ball
1-0: Ground out 5-3 (Groundball, 56)
Batting: RHB IV Seacat 0-0: Ball
1-0: SINGLE (Groundball, 6MD)
Batting: LHB Eduardo Álvarez 0-0: Ball
1-0: Fly out, F6 (Line Drive, 6)
Batting: SHB Mitch Qualtrough 0-0: Ball
1-0: Called Strike
1-1: Fly out, F9 (Line Drive, 9)
Bottom of the 3rd over - 0 runs, 1 hit, 0 errors, 1 left on base; Panama City 1 - Richardson City 0
TOP OF THE 4TH
Panama City Piranhas batting - Pitching for Richardson City Thundercats : RHP Juan Valéncia
Batting: LHB Sergio Muńóz 0-0: Ball
1-0: Called Strike
1-1: Ball
2-1: Swinging Strike
2-2: Foul Ball, location: 2F
2-2: Strikes out looking
Batting: RHB Cale Sutton 0-0: Ball
1-0: Ball
2-0: Foul Ball, location: 2F
2-1: Ball
3-1: Foul Ball, location: 2F
3-2: Foul Ball, location: 2F
3-2: Foul Ball, location: 2F
3-2: Base on Balls
Batting: LHB Jack Sutherland 0-0: Ball
1-0: Foul Ball, location: 2F
1-1: Ball
2-1: Fielders Choice at 2nd, 1-4 (Groundball, 15S)
Batting: RHB Andy Putman 0-0: Called Strike
0-1: Ball
1-1: Ball
2-1: Swinging Strike
2-2: Strikes out swinging
Top of the 4th over - 0 runs, 0 hits, 0 errors, 1 left on base; Panama City 1 - Richardson City 0
BOTTOM OF THE 4TH
Richardson City Thundercats batting - Pitching for Panama City Piranhas : LHP Wayne Craig
Batting: RHB Anselmo Berneu 0-0: Fly out, F9 (Flyball, 9S)
Batting: RHB Bruce Ingilby 0-0: Swinging Strike
0-1: Ball
1-1: Foul Ball, location: 2F
1-2: Hit by Pitch
Batting: RHB Tomás Martínez 0-0: Ball
1-0: Foul Ball, location: 2F
1-1: Foul Ball, location: 2F
1-2: Ball
2-2: Ball
3-2: SINGLE (Line Drive, 6M)
Bruce Ingilby to second
Batting: RHB Pedro Castillo 0-0: DOUBLE (Flyball, 89XD)
Bruce Ingilby scores
Tomás Martínez to third
Batting: RHB Javier Rivera 0-0: Called Strike
0-1: DOUBLE (Groundball, 5L)
Tomás Martínez scores
Pedro Castillo scores
Batting: RHB Louis Gibbons 0-0: Called Strike
0-1: Ball
Wild Pitch!
Javier Rivera to third
1-1: Foul Ball, location: 2F
1-2: Foul Ball, location: 2F
1-2: Ground out 5-3 (Groundball, 5S)
Batting: RHB IV Seacat 0-0: Ball
1-0: Called Strike
1-1: Called Strike
1-2: Ground out 6-3 (Groundball, 6)
Bottom of the 4th over - 3 runs, 3 hits, 0 errors, 1 left on base; Panama City 1 - Richardson City 3
TOP OF THE 5TH
Panama City Piranhas batting - Pitching for Richardson City Thundercats : RHP Juan Valéncia
Batting: RHB Armando Alvarado 0-0: Foul Ball, location: 2F
0-1: Ball
1-1: Ball
2-1: Called Strike
2-2: Ground out U3 (Groundball, 34)
Batting: RHB Fernando Silva 0-0: Swinging Strike
0-1: Ball
1-1: Ground out 5-3 (Groundball, 56S)
Batting: RHB Darrell Terwey 0-0: Foul Ball, location: 2F
0-1: Ball
1-1: Ball
2-1: Foul Ball, location: 2F
2-2: Foul Ball, location: 2F
2-2: Strikes out swinging
Top of the 5th over - 0 runs, 0 hits, 0 errors, 0 left on base; Panama City 1 - Richardson City 3
BOTTOM OF THE 5TH
Richardson City Thundercats batting - Pitching for Panama City Piranhas : LHP Wayne Craig
Batting: LHB Eduardo Álvarez 0-0: Called Strike
0-1: Ball
1-1: DOUBLE (Line Drive, 7LM)
Batting: SHB Mitch Qualtrough 0-0: Ball
1-0: Foul Ball, location: 2F
1-1: Ball
2-1: Ground out 6-3 (Groundball, 6)
Batting: RHB Anselmo Berneu 0-0: Called Strike
0-1: Ball
Eduardo Álvarez steals 3rd base
1-1: Called Strike
1-2: Ball
2-2: SINGLE (Line Drive, 3D)
Eduardo Álvarez scores
Batting: RHB Bruce Ingilby 0-0: Called Strike
0-1: Called Strike
0-2: Foul Ball, location: 2F
0-2: Fielders Choice at 2nd, 4-6 (Groundball, 4M)
Batting: RHB Tomás Martínez 0-0: Ball
1-0: Ball
2-0: Single, Error in OF, E7, batter to second base
Bruce Ingilby to third
Batting: RHB Pedro Castillo 0-0: Ball
1-0: Called Strike
1-1: Fly out, F7 (Flyball, 78D)
Bottom of the 5th over - 1 run, 3 hits, 1 error, 2 left on base; Panama City 1 - Richardson City 4
TOP OF THE 6TH
Panama City Piranhas batting - Pitching for Richardson City Thundercats : RHP Juan Valéncia
Batting: RHB Juan Jose Ayala 0-0: Ball
1-0: SINGLE (Line Drive, 7S)
Batting: RHB Baldomero Avino 0-0: Ball
1-0: Ball
Juan Jose Ayala steals 2nd base
2-0: Foul Ball, location: 2F
2-1: Ground out 5-3 (Groundball, 56S)
Juan Jose Ayala to third
Batting: LHB Sergio Muńóz 0-0: Foul Ball, location: 2F
0-1: Called Strike
0-2: Ball
1-2: Ball
2-2: Ball
3-2: Strikes out looking
Batting: RHB Cale Sutton 0-0: Ball
1-0: Ball
2-0: Foul Ball, location: 2F
2-1: Ball
3-1: Called Strike
3-2: Foul Ball, location: 2F
3-2: Foul Ball, location: 2F
3-2: Ground out 4-3 (Groundball, 4)
Top of the 6th over - 0 runs, 1 hit, 0 errors, 1 left on base; Panama City 1 - Richardson City 4
BOTTOM OF THE 6TH
Richardson City Thundercats batting - Pitching for Panama City Piranhas : LHP Wayne Craig
Batting: RHB Javier Rivera 0-0: Ball
1-0: Fly out, F8 (Flyball, 8RD)
Batting: RHB Louis Gibbons 0-0: Ball
1-0: Ball
2-0: Foul Ball, location: 2F
2-1: SINGLE (Groundball, 34) (infield hit)
Batting: RHB IV Seacat 0-0: Called Strike
0-1: Ball
1-1: DOUBLE (Line Drive, 78XD)
Louis Gibbons to third
Pitching: RHP José Alaniz
Batting: LHB Eduardo Álvarez 0-0: Intentional Walk
Batting: SHB Mitch Qualtrough 0-0: Ball
1-0: Ball
2-0: Foul Ball, location: 2F
2-1: SINGLE (Groundball, 34D)
Louis Gibbons scores
IV Seacat to third
Eduardo Álvarez to second
Runner from 3rd tries for Home, SAFE, no throw
Batting: RHB Anselmo Berneu 0-0: Fly out, F7 (Flyball, 78S)
Batting: RHB Bruce Ingilby 0-0: SINGLE (Line Drive, 78M)
Eduardo Álvarez to third
Mitch Qualtrough to second
Runner from 3rd tries for Home, throw and OUT!
Bottom of the 6th over - 2 runs, 4 hits, 0 errors, 2 left on base; Panama City 1 - Richardson City 6
TOP OF THE 7TH
Panama City Piranhas batting - Pitching for Richardson City Thundercats : RHP Juan Valéncia
Batting: LHB Jack Sutherland 0-0: Ball
1-0: Called Strike
1-1: DOUBLE (Line Drive, 8RXD)
Batting: RHB Andy Putman 0-0: Called Strike
0-1: Foul Ball, location: 2F
0-2: SINGLE (Groundball, 4D)
Jack Sutherland to third
Runner from 3rd tries for Home, SAFE, no throw
Batting: RHB Armando Alvarado 0-0: Ball
1-0: Grounds into double play, 4-6-3 (Groundball, 34)
Batting: RHB Fernando Silva 0-0: SINGLE (Line Drive, 78M)
Batting: RHB Darrell Terwey 0-0: Ball
Fernando Silva steals 2nd base
1-0: Called Strike
1-1: Swinging Strike
1-2: Ground out 6-3 (Groundball, 6)
Top of the 7th over - 1 run, 3 hits, 0 errors, 1 left on base; Panama City 2 - Richardson City 6
BOTTOM OF THE 7TH
Richardson City Thundercats batting - Pitching for Panama City Piranhas : RHP José Alaniz
Batting: RHB Tomás Martínez 0-0: Called Strike
0-1: Foul Ball, location: 2F
0-2: Ball
1-2: Strikes out swinging
Batting: RHB Pedro Castillo 0-0: Foul Ball, location: 2F
0-1: Ball
1-1: Called Strike
1-2: Ground out 1-3 (Groundball, P)
Batting: RHB Javier Rivera 0-0: Ball
1-0: Called Strike
1-1: Foul Ball, location: 2F
1-2: SINGLE (Line Drive, 5D)
Batting: RHB Louis Gibbons 0-0: SINGLE (Flyball, 9S)
Javier Rivera to second
Runner from 2nd tries for 3rd, SAFE, throw made to third
Batting: RHB IV Seacat 0-0: SINGLE (Line Drive, 8RS)
Javier Rivera scores
Louis Gibbons to second
Batting: LHB Eduardo Álvarez 0-0: Ball
1-0: Swinging Strike
1-1: Ball
2-1: Ball
3-1: Fly out, F8 (Flyball, 8RD)
Bottom of the 7th over - 1 run, 3 hits, 0 errors, 2 left on base; Panama City 2 - Richardson City 7
TOP OF THE 8TH
Panama City Piranhas batting - Pitching for Richardson City Thundercats : RHP Juan Valéncia
Batting: RHB Juan Jose Ayala 0-0: Foul Ball, location: 2F
0-1: Called Strike
0-2: Foul Ball, location: 2F
0-2: Strikes out swinging
Pitching: RHP José Montalópez
Batting: RHB Baldomero Avino 0-0: Called Strike
0-1: Ball
1-1: Swinging Strike
1-2: Ball
2-2: Foul Ball, location: 2F
2-2: Foul Ball, location: 2F
2-2: Strikes out swinging
Batting: LHB Sergio Muńóz 0-0: Foul Ball, location: 2F
0-1: Fly out, F1 (Line Drive, 15)
Top of the 8th over - 0 runs, 0 hits, 0 errors, 0 left on base; Panama City 2 - Richardson City 7
BOTTOM OF THE 8TH
Richardson City Thundercats batting - Pitching for Panama City Piranhas : RHP José Alaniz
Batting: SHB Mitch Qualtrough 0-0: Ball
1-0: Ball
2-0: Foul Ball, location: 2F
2-1: Ball
3-1: Called Strike
3-2: Foul Ball, location: 2F
3-2: Strikes out swinging
Batting: RHB Anselmo Berneu 0-0: Called Strike
0-1: Ball
1-1: Ball
2-1: Swinging Strike
2-2: SINGLE (Groundball, 6MD)
Batting: RHB Bruce Ingilby 0-0: Ball
1-0: Grounds into double play, 5-4-3 (Groundball, 56)
Bottom of the 8th over - 0 runs, 1 hit, 0 errors, 0 left on base; Panama City 2 - Richardson City 7
TOP OF THE 9TH
Panama City Piranhas batting - Pitching for Richardson City Thundercats : RHP José Montalópez
Batting: RHB Cale Sutton 0-0: Ball
1-0: Ball
2-0: Called Strike
2-1: Swinging Strike
2-2: Strikes out swinging
Batting: LHB Jack Sutherland 0-0: Foul Ball, location: 2F
0-1: Ball
1-1: Foul Ball, location: 2F
1-2: Foul Ball, location: 2F
1-2: Fly out, F9 (Flyball, 9S)
Batting: RHB Andy Putman 0-0: Swinging Strike
0-1: Ball
1-1: Ground out 4-3 (Groundball, 34)
Top of the 9th over - 0 runs, 0 hits, 0 errors, 0 left on base; Panama City 2 - Richardson City 7
Tuesday, December 19th, 2017 - OOTP Baseball 18.8 Build 76